 Dungeon Crawl Stone Soup version 0.25.1-2-g60ff931df9 (webtiles) character file.

Game seed: 7908470880605875156

207 Martska the Skirmisher (level 5, 0/50 HPs)
             Began as a Naga Warper on Oct 11, 2020.
             Killed by divine providence
             ... invoked by an orc priest
              (7 damage)
             ... on level 5 of the Dungeon.
             The game lasted 00:06:23 (4031 turns).

Martska the Skirmisher (Naga Warper)                Turns: 4031, Time: 00:06:24

Health: 0/50       AC:  3    Str: 15    XL:     5   Next: 85%
Magic:  8/8        EV:  9    Int: 13    God:
Gold:   143        SH:  0    Dex: 10    Spells: 5/8 levels left

rFire    . . .     SeeInvis +   h - +0 spear (pain)
rCold    . . .     Gourm    .   (no shield)
rNeg     . . .     Faith    .   b - +0 leather armour
rPois    +         Spirit   .   (no helmet)
rElec    .         Reflect  .   (no cloak)
rCorr    .         Harm     .   (no gloves)
MR       .....                  (no barding)
Stlth    +.........             (no amulet)
HPRegen  0.16/turn              (no ring)
MPRegen  0.11/turn              (no ring)

@: short of breath, very slow
A: large, see invisible, deformed body, poison resistance, slowness 2, slow
metabolism 1, spit poison 1, AC +1
a: Spit Poison


You were on level 5 of the Dungeon.
You were not hungry.

You visited 1 branch of the dungeon, and saw 5 of its levels.

You collected 143 gold pieces.

Inventory:

Hand Weapons
 a - a +0 spear
 h - a +0 spear of pain (weapon)
Missiles
 e - 5 boomerangs of dispersal (quivered)
Armour
 b - a +0 leather armour (worn)
Jewellery
 o - an uncursed ring of resist corrosion {unknown}
Wands
 u - a wand of paralysis (4)
Scrolls
 d - a scroll of blinking
 j - a scroll of remove curse {unknown}
 m - a scroll of fog {unknown}
 n - 2 scrolls of enchant weapon {unknown}
 q - 4 scrolls of fear {unknown}
 r - a scroll of noise {unknown}
 s - a scroll of immolation {unknown}
 t - a scroll of teleportation {unknown}
 v - a scroll of identify {unknown}
Potions
 c - 2 potions of cancellation {unknown}
 g - 2 potions of lignification {unknown}
 i - a potion of flight {unknown}
 k - a potion of brilliance {unknown}
 l - a potion of curing {unknown}
 p - a potion of ambrosia {unknown}
 x - a potion of might {unknown}
Comestibles
 f - 3 rations


   Skills:
 * Level 4.2 Fighting
 * Level 4.2 Polearms
 - Level 0.8 Throwing
 - Level 0.7 Armour
 * Level 1.9 Dodging
 - Level 2.0 Spellcasting
 - Level 3.0 Translocations


You had 5 spell levels left.
You knew the following spells:

 Your Spells              Type           Power        Failure   Level  Hunger
a - Blink                 Tloc           N/A          14%         2    ###....
b - Magic Dart            Conj           #...         30%         1    ##.....

Your spell library contained the following spells:

 Spells                   Type           Power        Failure   Level  Hunger
 Shroud of Golubria       Chrm/Tloc      #.....       26%         2    ###....
 Gell's Gravitas          Tloc           #.........   26%         3    ####...
 Lesser Beckoning         Tloc           #.........   26%         3    ####...
 Teleport Other           Tloc           #.......     26%         3    ####...
 Call Imp                 Summ           #.......     43%         2    ###....
 Slow                     Hex            #.......     43%         2    ###....
 Passage of Golubria      Tloc           N/A          65%         4    #####..
 Conjure Flame            Conj/Fire      #.......     67%         3    ####...
 Mephitic Cloud           Conj/Pois/Air  #.......     67%         3    ####...


Dungeon Overview and Level Annotations

Branches:
Dungeon (5/15)
 Temple: D:4-7

Altars:


Innate Abilities, Weirdness & Mutations

You cannot wear boots.
Your serpentine skin is tough. (AC +1)
You have supernaturally acute eyesight. (SInv)
Armour fits poorly on your strangely shaped body.
Your system is resistant to poisons. (rPois)
You cover ground very slowly.
You have a slow metabolism.
You can spit poison.


Message History

Press: ? - help, Shift-Dir - straight line, f - orc priest
Aim: an orc priest, wielding a +0 hand axe and wearing a +0 leather armour (lightly wounded)
The splash of poison hits the orc priest.
The orc priest is poisoned.
The orc priest is moderately wounded.
You feel slightly more hungry.
The orc priest hits you with a +0 hand axe.
* * * LOW HITPOINT WARNING * * *
You barely miss the orc priest.
The orc priest is moderately wounded.
The orc priest barely misses you.
You hit the orc priest but do no damage.
The orc priest is moderately wounded.
The orc priest hits you with a +0 hand axe.
* * * LOW HITPOINT WARNING * * *
You hit the orc priest.
The orc priest is severely wounded.
The orc priest mumbles some strange prayers to Beogh against you.
Beogh smites you!
You die...

###
#@#
#o#
#.#
#.#
#.#
#.#
...
...


You could see an orc priest (poisoned).

Vanquished Creatures
  2 scorpions (D:4)
  A worker ant (D:4)
  An adder (D:2)
  An ooze (D:4)
  3 dart slugs (D:1)
  4 leopard geckos
  2 orcs (D:4)
  2 ball pythons
  6 bats
  5 giant cockroaches
  3 goblins
  6 hobgoblins
  9 jackals
  A quokka (D:4)
  8 frilled lizards
  2 kobolds
  5 rats
61 creatures vanquished.

Notes
Turn   | Place    | Note
-------+----------+-------------------------------------------
     0 | D:1      | Martska the Naga Warper began the quest for the Orb.
     0 | D:1      | Reached XP level 1. HP: 19/19 MP: 3/3
   234 | D:1      | Reached XP level 2. HP: 24/27 MP: 5/5
   650 | D:1      | Reached XP level 3. HP: 13/33 MP: 6/6
  2192 | D:2      | Reached XP level 4. HP: 36/42 MP: 7/7
  2263 | D:2      | Learned a level 2 spell: Blink
  2265 | D:2      | Learned a level 1 spell: Magic Dart
  3227 | D:4      | Reached XP level 5. HP: 26/50 MP: 8/8
  3865 | D:5      | Entered Level 5 of the Dungeon
  4031 | D:5      | Killed from afar by an orc priest

Illustrated notes

Levels and vault maps discovered:
D:1:      matt_arrival_spirals, layout_basic
D:2:      layout_rooms, first_ration
D:3:      layout_basic, serial_bayou_lagoon_a
D:4:      layout_gridville
D:5:      layout_basic, grunt_temple_overflow_open, uniq_crazy_yiuf_cottage

Skill      XL: |  1  2  3  4 |
---------------+-------------+-----
Fighting       | 3 4 |  4.2
Polearms       | 3 4 |  4.2
Throwing       | |  0.8
Armour         | |  0.7
Dodging        | |  1.9
Spellcasting   | |  2.0
Translocations | |  3.0

Action                   |  1- 3 |  4- 6 || total
-------------------------+-------+-------++-------
Melee: Spear             |   185 |   116 ||   301
 Cast: Magic Dart        |       |     5 ||     5
 Abil: Spit Poison       |     6 |     6 ||    12
  Use: Scroll            |       |     1 ||     1
  Eat: Chunk             |     3 |     1 ||     4
       Ration            |       |     2 ||     2
Armor: Leather armour    |    48 |    17 ||    65
Dodge: Dodged            |    79 |    42 ||   121
